 Dungeon Crawl Stone Soup version 0.28-a0-631-g0446da8ef9 (webtiles) character file.

Game seed: 12231469124872559734

183 jasper the Charlatan (level 5, -1/39 HPs)
             Began as a Demonspawn Artificer on Oct 9, 2021.
             Succumbed to a scorpion's poison
             ... on level 4 of the Dungeon.
             The game lasted 00:04:53 (3591 turns).

jasper the Charlatan (Demonspawn Artificer)         Turns: 3591, Time: 00:04:53

Health: -1/39      AC:  9    Str: 14    XL:     5   Next: 35%
Magic:  5/5        EV: 11    Int: 12    God:
Gold:   94         SH:  0    Dex: 13    Spells: 4/4 levels left

rFire   . . .      SeeInvis .   a - +1 club (flame)
rCold   . . .      Faith    .   (no shield)
rNeg    . . .      Spirit   .   k - +1 ring mail
rPois   .          Reflect  .   (no helmet)
rElec   .          Harm     .   (no cloak)
rCorr   .          Rampage  .   (no gloves)
Will    .....                   (no boots)
Stlth   +.........              (no amulet)
HPRegen 0.13/turn               (no ring)
MPRegen 0.09/turn               (no ring)

@: lethally poisoned (-1 -> -29)
A: yellow scales 2
a: no special abilities


You were on level 4 of the Dungeon.
You visited 1 branch of the dungeon, and saw 4 of its levels.

You collected 94 gold pieces.

Inventory:

Hand Weapons
 a - a +1 club of flaming (weapon)
 f - a +0 hunting sling
 l - a +2 dagger of draining
 n - a +0 rapier
 p - a +0 flail
Missiles
 h - 53 arrows
 o - 17 stones (quivered)
 q - 20 poisoned darts
Armour
 b - a +0 leather armour
 k - a +1 ring mail (worn)
Jewellery
 s - a ring of positive energy
Wands
 d - a wand of charming (14)
 v - a wand of mindburst (19)
Scrolls
 i - a scroll of identify
 m - 3 scrolls of fog
 u - a scroll of fear
Potions
 c - 4 potions of brilliance
 g - a potion of cancellation
 j - 3 potions of curing
 r - a potion of ambrosia {unknown}
 t - a potion of heal wounds {unknown}
Miscellaneous
 e - a piece from Xom's chessboard (15/15)


   Skills:
 + Level 2.7 Fighting
 + Level 2.9 Armour
 + Level 2.4 Dodging
 - Level 0.8 Stealth
 + Level 3.9 Evocations


You had 4 spell levels left.
You didn't know any spells.
Your spell library contained the following spells:

 Spells                   Type           Power      Damage    Failure   Level
 Beastly Appendage        Tmut           0%         N/A       54%         1
 Wereblood                Tmut           0%         N/A       69%         2
 Spider Form              Tmut/Pois      0%         N/A       89%         3


Dungeon Overview and Level Annotations

Branches:
Dungeon (4/15)
 Temple: D:4-7

Altars:
Gozag

Shops:
D:2 *?


Innate Abilities, Weirdness & Mutations

You are mostly covered in yellow scales. (AC +3)


Message History

Press: ? - help, Q - select action, (/) - cycle Shift-Dir - straight line, f/p - scorpion
Aim: a scorpion (57% to hit)
You throw a stone.
The stone hits the scorpion but does no damage.
You hit the scorpion but do no damage.
The scorpion stings you but does no damage.
The scorpion barely misses you.
You closely miss the scorpion.
The scorpion stings you but does no damage.
The scorpion stings you.
You are poisoned.
The scorpion poisons you!
You take 1 damage, and have 38/39 hp.
You closely miss the scorpion.
You feel very sick.
The scorpion stings you but does no damage.
You take 4 damage, and have 34/39 hp.
You hit the scorpion. You burn the scorpion.
The scorpion is lightly wounded.
You feel very sick. The scorpion barely misses you. The scorpion stings you.
You take 7 damage, and have 27/39 hp.
You hit the scorpion but do no damage.
The scorpion is lightly wounded.
You feel sick. The scorpion stings you.
You are more poisoned.
The scorpion poisons you!
You take 7 damage, and have 20/39 hp.
You barely miss the scorpion.
The scorpion is lightly wounded.
You feel very sick. The scorpion stings you.
* * * LOW HITPOINT WARNING * * *
You are more poisoned.
The scorpion poisons you! The scorpion stings you.
* * * LOW HITPOINT WARNING * * *
You take 13 damage, and have 7/39 hp.
MASSIVE DAMAGE!!
You hit the scorpion. You burn the scorpion.
The scorpion is heavily wounded.
You die...

.......#
.......###############
......................
. .......#####.......#
.. .###...#
#.......###.###
.......#
#.............#
.......# #........##.#
.......# ###....#.##.#
.......# #..@.#.[#[#
....#### #..s.##.#.#
#.#.# #..(.##.#.#
#.#.# ###(###...#
#.#.# #.# ##..# #<#..
#.# #..# ##### #[#
##.# .(. .# .#


You could see a scorpion.

Vanquished Creatures
  An orc priest (D:3)
  An iguana (D:3)
  Jessica (D:2)
  3 adders
  2 worms (D:2)
  2 dart slugs
  An orc (D:3)
  6 bats
  5 endoplasms
  7 hobgoblins
  2 jackals (D:3)
  9 ball pythons
  A frilled lizard (D:1)
  6 goblins
  8 kobolds
  4 rats
59 creatures vanquished.

Vanquished Creatures (collateral kills)
  An orc (D:3)
1 creature vanquished.

Vanquished Creatures (others)
  An orc (D:3)
1 creature vanquished.

Grand Total: 61 creatures vanquished

Notes
Turn   | Place    | Note
-------+----------+-------------------------------------------
     0 | D:1      | jasper the Demonspawn Artificer began the quest for the
                  | Orb.
     0 | D:1      | Reached XP level 1. HP: 15/15 MP: 1/1
   140 | D:1      | Reached skill level 1 in Dodging
   195 | D:1      | Gained mutation: You are partially covered in yellow
                  | scales. (AC +2) [demonic ancestry]
   195 | D:1      | Reached XP level 2. HP: 21/21 MP: 2/2
   564 | D:1      | Found a faded altar of an unknown god.
   637 | D:1      | Reached XP level 3. HP: 18/26 MP: 3/3
  1081 | D:2      | Found Uvolaong's Assorted Antiques.
  1143 | D:2      | Noticed Jessica
  1145 | D:2      | Killed Jessica
  1237 | D:2      | Reached XP level 4. HP: 33/33 MP: 4/4
  1274 | D:2      | Found an opulent altar of Gozag.
  1277 | D:2      | Found Linoisast's Magic Scroll Shop.
  2443 | D:3      | Gained mutation: You are mostly covered in yellow scales.
                  | (AC +3) [demonic ancestry]
  2443 | D:3      | Reached XP level 5. HP: 39/39 MP: 5/5
  3591 | D:4      | Succumbed to a scorpion's poison

Illustrated notes

Levels and vault maps discovered:
D:1:      nagdon_arrival_zigzag_paths, layout_loops_ring, basic_ecumenical_altar
D:2:      layout_loops_ring, basic_altar, serial_shops, nicolae_shop_trees,
          nicolae_diamond_shop, uniq_jessica
D:3:      layout_basic, minmay_misc_feat_rugged, chequers_serial_rivers_micro_c,
          st_stairs_1, corner_web_ring
D:4:      layout_basic, beargit_hepliaklqana_dungeon_heroes,
          minmay_misc_feat_rows, grunt_ministairs_7

Skill      XL: |  1  2  3  4 |
---------------+-------------+-----
Dodging        | 1 2 |  2.4
Armour         | 2 |  2.9
Fighting       | 2 |  2.7
Stealth        | |  0.8
Evocations     | |  3.9

Action                   |  1- 3 |  4- 6 || total
-------------------------+-------+-------++-------
Melee: Club              |    29 |    92 ||   121
Throw: Boomerang         |    25 |     8 ||    33
       Stone             |       |    29 ||    29
Evoke: Wand              |    19 |    21 ||    40
  Use: Scroll            |     6 |     4 ||    10
       Potion            |       |     1 ||     1
Armor: Leather armour    |    12 |       ||    12
       Ring mail         |     8 |    58 ||    66
Dodge: Dodged            |    19 |    63 ||    82

Table legend: (Time is in decaauts)
 A = Elapsed time spent in this place.
 B = Non-inter-level travel time spent in this place.
 C = Inter-level travel time spent in this place.
 D = Time resting spent in this place.
 E = Time spent auto-exploring this place.
 F = Levels seen in this place.
 G = Mean time per level.
                   A        B        C        D        E       F      G
               +--------+--------+--------+--------+--------+-----+--------+
         Total |   3664 |   3447 |    217 |    152 |   2686 |   4 |  916.0 |
       Dungeon |   3664 |   3447 |    217 |    152 |   2686 |   4 |  916.0 |
               +--------+--------+--------+--------+--------+-----+--------+

Top non-repeatable levels by time:
     D:3: 1781 daAuts
     D:1: 1095 daAuts
     D:2: 673 daAuts
     D:4: 113 daAuts
